 Dungeon Crawl Stone Soup version 0.29-a0-284-gf9362112df (webtiles) character file.

Game seed: 5602214616380261564

1 GigaChad the Grave Robber (level 1, 0/13 HPs)
             Began as a Demonspawn Necromancer on Mar 29, 2022.
             Slain by a quokka (4 damage)
             ... on level 1 of the Dungeon.
             The game lasted 00:06:29 (431 turns).

GigaChad the Grave Robber (Demonspawn Necromancer)   Turns: 431, Time: 00:06:29

Health: 0/13       AC:  2    Str:  8    XL:     1   Next: 16%
Magic:  3/3        EV: 12    Int: 16    God:
Gold:   9          SH:  0    Dex: 13    Spells: 3/4 levels left

rFire   . . .      SeeInvis .   (no weapon)
rCold   . . .      Faith    .   (no shield)
rNeg    . . .      Spirit   .   a - +0 robe
rPois   .          Reflect  .   (no helmet)
rElec   .          Harm     .   (no cloak)
rCorr   .          Rampage  .   (no gloves)
Will    .....                   (no boots)
Stlth   ++........              (no amulet)
HPRegen 0.04/turn               (no ring)
MPRegen 0.08/turn               (no ring)

@: no status effects
A: no striking features
a: no special abilities


You were on level 1 of the Dungeon.
You visited 1 branch of the dungeon, and saw 1 of its levels.

You collected 9 gold pieces.

Inventory:

Hand Weapons
 d - a +1 hand axe of electrocution
 e - a +0 club
Missiles
 c - 23 stones
Armour
 a - a +0 robe (worn)
Potions
 b - a potion of magic


   Skills:
 + Level 1.7 Dodging
 + Level 1.7 Stealth
 + Level 2.0 Spellcasting
 + Level 4.4 Necromancy


You had 3 spell levels left.
You knew the following spells:

 Your Spells              Type           Power      Damage    Failure   Level
a - Pain                  Necr           60%        1d7       3%          1

Your spell library contained the following spells:

 Spells                   Type           Power      Damage    Failure   Level
 Animate Skeleton         Necr           30%        N/A       3%          1
 Vampiric Draining        Necr           15%        2d7       10%         3
 Animate Dead             Necr           7%         N/A       32%         4
 Agony                    Necr           15%        N/A       67%         5


Dungeon Overview and Level Annotations

Branches:
Dungeon (1/15)

Altars:


Message History

You open the door.
A dart slug comes into view.
Found a sedimented amethyst potion.
A quokka comes into view.
There is an open door here.
There is an open door here.
The quokka attacks as you move away! The quokka completely misses you.
The quokka barely misses you.
Really attack while wielding nothing? [Y]es or [N]o only, please.
Really attack while wielding nothing? [Y]es or [N]o only, please.
Really attack while wielding nothing?
You barely miss the quokka. The quokka bites you.
You hit the quokka but do no damage. The quokka barely misses you.
You closely miss the quokka. The quokka barely misses you.
You miss the quokka. The quokka barely misses you.
You closely miss the quokka. The quokka bites you.
The dart slug barely misses you. The quokka misses you.
You closely miss the quokka. The quokka barely misses you.
The dart slug bites you but does no damage.
You hit the quokka but do no damage.
The quokka bites you but does no damage.
You hit the quokka.
The quokka is moderately wounded.
The quokka closely misses you. The dart slug closely misses you.
You hit the quokka but do no damage.
The quokka is moderately wounded.
The quokka bites you. The dart slug launches a dart at you.
The slug dart hits you.
You closely miss the quokka.
The quokka is moderately wounded.
The quokka closely misses you. The quokka barely misses you.
The dart slug launches a dart at you. The slug dart hits you.
You barely miss the quokka.
The quokka is moderately wounded.
The quokka bites you.
You die...

##..###.######.#.# #.####.#
#.##.###### #.#'## #.# #.#
##.#.#....## #....## #.####.#.
..##.#.##..###.....## #........
.####..##..##.......## ##.###>##
##..##.##..#.........####...##.#
..##.#...............'.......#.#
##########...........####...##.#
####...@...## ##.###.# ##.wr..##
### #.# ##...## #.# ##'## #.#
#.# #......# #.#!...# # .....#


You could see a dart slug and a quokka.

Vanquished Creatures
  A goblin (D:1)
1 creature vanquished.

Notes
Turn   | Place    | Note
-------+----------+-------------------------------------------
     0 | D:1      | GigaChad the Demonspawn Necromancer began the quest for the
                  | Orb.
     0 | D:1      | Reached XP level 1. HP: 13/13 MP: 3/3
   431 | D:1      | Slain by a quokka

Illustrated notes

Levels and vault maps discovered:
D:1:      dpeg_arrival_signposts, layout_loops_corners, basic_ecumenical_altar,
          minmay_misc_feat_roman

Action                   || total
-------------------------++-------
Melee: Unarmed           ||    11
 Cast: Pain              ||     2
Armor: Robe              ||     2
Dodge: Dodged            ||    14

Table legend: (Time is in decaauts)
 A = Elapsed time spent in this place.
 B = Non-inter-level travel time spent in this place.
 C = Inter-level travel time spent in this place.
 D = Time resting spent in this place.
 E = Time spent auto-exploring this place.
 F = Levels seen in this place.
 G = Mean time per level.
                   A        B        C        D        E       F      G
               +--------+--------+--------+--------+--------+-----+--------+
         Total |    431 |    316 |    115 |      0 |      0 |   1 |  431.0 |
       Dungeon |    431 |    316 |    115 |      0 |      0 |   1 |  431.0 |
               +--------+--------+--------+--------+--------+-----+--------+

Top non-repeatable levels by time:
     D:1: 431 daAuts
